 Dungeon Crawl Stone Soup version 0.30-a0-1066-g63dfefce0d (webtiles) character file.

Game seed: 12495826535788951273

1474 BubbleThief the Basher (level 8, -1/78 HPs)
             Began as a Naga Cinder Acolyte on Apr 12, 2023.
             Was an Elder of Ignis.
             Succumbed to a hornet's poison
             ... on level 7 of the Dungeon.
             The game lasted 00:10:52 (6611 turns).

BubbleThief the Basher (Naga Cinder Acolyte)        Turns: 6611, Time: 00:10:53

Health: -1/78      AC: 11    Str: 19    XL:     8   Next: 78%
Magic:  1/9        EV: 14    Int: 15    God:    Ignis [****..]
Gold:   223        SH:  0    Dex:  6    Spells: 7/9 levels left

rFire   + + .      SeeInvis +    B - +2 dire flail (heavy)
rCold   x . .      Faith    .    (shield currently unavailable)
rNeg    . . .      Spirit   .    b - +0 robe
rPois   +          Reflect  .    (no helmet)
rElec   .          Rampage  .    y - +0 cloak
rCorr   .                        (no gloves)
Will    +....                    (no barding)
Stlth   +                        (no amulet)
HPRegen 0.33/turn                j - ring of fire
MPRegen 0.11/turn                z - +5 ring of evasion

@: lethally poisoned (-1 -> -8), fiery-armoured, flying, slowed, very slow
A: AC +2, large, see invisible, deformed body, poison resistance, slowness 2,
spit poison 1, naga tail 1
a: Spit Poison, Renounce Religion, Fiery Armour, Foxfire Swarm, Rising Flame


You were on level 7 of the Dungeon.
You worshipped Ignis.
Ignis was greatly pleased with you.
You visited 1 branch of the dungeon, and saw 7 of its levels.
You also visited: Sewer.

You collected 223 gold pieces.

Inventory:

Hand Weapons
 B - a +2 heavy dire flail (weapon)
Armour
 b - a +0 robe (worn)
 y - a +0 cloak (worn)
Jewellery
 j - a ring of fire (left hand)
 z - a +5 ring of evasion (right hand)
Wands
 w - a wand of mindburst (35)
 x - a wand of flame (30)
Scrolls
 g - 2 scrolls of enchant weapon {unknown}
 i - a scroll of vulnerability {unknown}
 l - a scroll of blinking {unknown}
 n - 3 scrolls of silence {unknown}
 p - 7 scrolls of identify {unknown}
 r - a scroll of teleportation {unknown}
 u - a scroll of magic mapping {unknown}
 A - a scroll of fog {unknown}
Potions
 a - a potion of degeneration {unknown}
 c - 2 potions of brilliance {unknown}
 d - 2 potions of attraction {unknown}
 e - a potion of might {unknown}
 f - 2 potions of ambrosia {unknown}
 h - a potion of berserk rage {unknown}
 k - 3 potions of mutation {unknown}
 m - 3 potions of flight
 o - 3 potions of haste {unknown}
 q - 2 potions of invisibility {unknown}
 s - a potion of magic {unknown}
 t - 6 potions of lignification {unknown}
 v - 3 potions of curing {unknown}


   Skills:
 + Level 6.8 Fighting
 * Level 9.2 Maces & Flails
 - Level 1.0 Spellcasting
 - Level 3.0 Fire Magic


You had 7 spell levels left.
You knew the following spells:

 Your Spells              Type           Power      Damage    Failure   Level
a - Scorch                Fire           28%        2d6       11%         2

Your spell library contained the following spells:

 Spells                   Type           Power      Damage    Failure   Level
 Apportation              Tloc           0%         N/A       24%         1
 Necrotise                Necr           0%         1d4       24%         1
 Summon Small Mammal      Summ           0%         N/A       24%         1
 Cigotuvi's Dreadful Rot  Necr/Pois/Air  0%         N/A       36%         2
 Sublimation of Blood     Necr           0%         N/A       36%         2
 Ignite Poison            Fire/Tmut/Pois 5%         N/A       43%         3
 Olgreb's Toxic Radiance  Pois           0%         N/A       94%         4
 Petrify                  Tmut/Erth      0%         N/A       94%         4
 Freezing Cloud           Conj/Ice/Air   0%         6-21      100%        5
 Irradiate                Conj/Tmut      0%         3d11      100%        5
 Discord                  Hex            0%         N/A       100%        8
 Ignition                 Fire           7%         3d4       100%        8


Dungeon Overview and Level Annotations

Branches:
Dungeon (7/15)             Temple (0/1) D:5           Sewer (visited)

Altars:
Dithmenos
Kikubaaqudgha
Okawaru
Vehumet

Shops:
D:7 *


Innate Abilities, Weirdness & Mutations

Your serpentine skin is tough. (AC +2)
You have supernaturally acute eyesight. (SInv)
Armour fits poorly on your strangely shaped body.
Your system is resistant to poisons. (rPois)
You cover ground very slowly.
You can spit poison.
You have a snake-like lower body.


Message History

You barely miss the hornet.
The hornet is lightly wounded.
The hornet completely misses you. The hornet stings you!
The orc priest zaps a wand.
The roots erupt in riotous growth!
The hornet is unaffected.
The grasping roots grab you!
The orc priest is unaffected. x2; The grasping roots constrict you.
The hornet stings you but does no damage.
The hornet is burned by your cloak of flames.
The hornet is lightly wounded.
The orc priest looks braver for a moment.
The orc priest looks satisfied for a moment.
The grasping roots constrict you.
Unknown command.
Unknown command.
You impale the hornet!!
The hornet is almost dead.
You feel yourself speed up.
The orc priest is no longer more vulnerable to fire.
The hornet stings you.
You suddenly lose the ability to move!
The hornet is burned by your cloak of flames.
The hornet is almost dead.
The hornet stings you.
* * * LOW HITPOINT WARNING * * *
You feel yourself slow down. The grasping roots constrict you.
* * * LOW HITPOINT WARNING * * *
The hornet stings you.
* * * LOW HITPOINT WARNING * * *
The grasping roots release their grip on you.
You have got your breath back.
The hornet stings you!
* * * LOW HITPOINT WARNING * * *
You are lethally poisoned!
The hornet is burned by your cloak of flames.
The hornet is almost dead.
You can move again.
It was a potion of flight.
You feel very buoyant.
You fly up into the air.
You die...

.. #.# .. ##..
o## #.. ∩.#
####.### ..#
#).....# so
#......# ##.#
#.<....###5o#
#.....@yo#.#
#...[..#o..#
#......##..#
#......##.....
#########(#####
#.# #.# #.# #.#


You could see a hornet and 2 orc priests.

Vanquished Creatures
  Edmund (D:5)
  A black bear (D:6)
  2 ogres
  A centaur (D:6)
  2 kobold brigands (Sewer)
  A bullfrog (D:6)
  4 scorpions
  A howler monkey (D:6)
  A hound (D:4)
  An orc priest (D:4)
  3 jellies
  6 iguanas (D:5)
  4 gnolls (D:3)
  4 adders
  3 shadow imps
  2 white imps (D:5)
  3 ufetubi (D:5)
  A worm (D:2)
  2 dart slugs
  12 orcs
  5 ball pythons
  13 bats
  8 endoplasms
  6 giant cockroaches
  6 goblins
  7 hobgoblins
  6 quokkas
  2 frilled lizards
  18 kobolds
  10 rats
136 creatures vanquished.

Vanquished Creatures (others)
  3 plants
3 creatures vanquished.

Grand Total: 139 creatures vanquished

Notes
Turn   | Place    | Note
-------+----------+-------------------------------------------
     0 | D:1      | BubbleThief the Naga Cinder Acolyte began the quest for the
                  | Orb.
     0 | D:1      | Reached XP level 1. HP: 21/21 MP: 2/2
    81 | D:1      | Reached XP level 2. HP: 28/28 MP: 3/3
   888 | D:2      | Reached XP level 3. HP: 28/34 MP: 4/4
   932 | D:2      | Learned a level 2 spell: Scorch
  1350 | D:2      | Reached skill level 4 in Maces & Flails
  1894 | D:3      | Reached XP level 4. HP: 42/43 MP: 5/5
  1905 | D:3      | Found a glowing drain.
  1926 | Sewer    | Entered a sewer
  2114 | Sewer    | Noticed a kobold brigand
  2114 | Sewer    | Noticed a kobold brigand
  2121 | Sewer    | Killed a kobold brigand
  2122 | Sewer    | Reached skill level 5 in Maces & Flails
  2122 | Sewer    | Reached XP level 5. HP: 14/50 MP: 1/6
  2123 | Sewer    | Killed a kobold brigand
  2399 | Sewer    | Reached XP level 6. HP: 15/58 MP: 1/7
  2740 | D:3      | Found a shadowy altar of Dithmenos.
  2740 | D:3      | Found an ancient bone altar of Kikubaaqudgha.
  2743 | D:3      | Found an iron altar of Okawaru.
  2750 | D:3      | Reached skill level 6 in Maces & Flails
  3516 | D:4      | Found a radiant altar of Vehumet.
  3638 | D:4      | Reached skill level 5 in Fighting
  3638 | D:4      | Reached XP level 7. HP: 49/67 MP: 1/8
  3991 | D:4      | Reached skill level 7 in Maces & Flails
  4439 | D:5      | Entered Level 5 of the Dungeon
  4910 | D:5      | Found a staircase to the Ecumenical Temple.
  4926 | D:5      | Noticed Edmund
  4933 | D:5      | Killed Edmund
  4934 | D:5      | Reached XP level 8. HP: 33/76 MP: 0/9
  5110 | D:5      | Reached skill level 8 in Maces & Flails
  6215 | D:6      | Reached skill level 9 in Maces & Flails
  6592 | D:7      | Found Nemoolez's Lightly-Used Armoury.
  6603 | D:7      | Noticed a hornet
  6609 | D:7      | Paralysed by a hornet for 2 turns
  6610 | D:7      | HP: 2/78 [hornet (10)]
  6611 | D:7      | Succumbed to a hornet's poison

Illustrated notes

Levels and vault maps discovered:
D:1:      saegor_arrival_simple_a, layout_loops_ring, roderic_nine_men_s_morris
D:2:      layout_basic
D:3:      layout_rooms, gammafunk_temple_overflow_forgotten,
          portal_sewer_entry_f, minmay_misc_feat_ornament,
          chequers_serial_rivers_marsh, kennysheep_generic_room_8
D:4:      layout_loops_cross, nicolae_vehumet_radiance, hangedman_decor_lopped,
          grunt_ministairs_7
D:5:      layout_rooms, minmay_temple_entry_large_hall, dk_noncrumbling_4,
          st_stairs_5, uniq_edmund
D:6:      layout_basic
D:7:      layout_rooms, serial_shops, shop, minmay_shop_damaged

Skill      XL: |  1  2  3  4  5  6  7  8 |
---------------+-------------------------+-----
Maces & Flails | 4 5 6 7 9 |  9.2
Fighting       | 4 5 6 |  6.8
Spellcasting   | |  1.0
Fire Magic     | |  3.0

Action                     |  1- 3 |  4- 6 |  7- 9 || total
---------------------------+-------+-------+-------++-------
  Melee: Mace              |    48 |    73 |       ||   121
         Flail             |       |    21 |    34 ||    55
         Dire flail        |       |       |    25 ||    25
   Cast: Scorch            |    10 |    25 |    38 ||    73
 Invoke: Fiery Armour      |       |     1 |     2 ||     3
Ability: Spit Poison       |    28 |    22 |    29 ||    79
    Use: Potion            |       |       |     1 ||     1
 Armour: Robe              |     9 |    44 |    29 ||    82
  Dodge: Dodged            |    33 |    83 |    75 ||   191

Table legend: (Time is in decaauts)
 A = Elapsed time spent in this place.
 B = Non-inter-level travel time spent in this place.
 C = Inter-level travel time spent in this place.
 D = Time resting spent in this place.
 E = Time spent auto-exploring this place.
 F = Levels seen in this place.
 G = Mean time per level.
                   A        B        C        D        E       F      G
               +--------+--------+--------+--------+--------+-----+--------+
         Total |   8194 |   7958 |    236 |    178 |   6766 |   8 | 1024.2 |
       Dungeon |   7476 |   7240 |    236 |    178 |   6211 |   7 | 1068.0 |
         Sewer |    718 |    718 |      0 |      0 |    555 |   1 |  718.0 |
               +--------+--------+--------+--------+--------+-----+--------+

Top non-repeatable levels by time:
     D:6: 1384 daAuts
     D:4: 1380 daAuts
     D:5: 1205 daAuts
     D:2: 1189 daAuts
     D:1: 1167 daAuts
     D:3: 1109 daAuts
   Sewer: 718 daAuts
     D:7: 38 daAuts
